 Dungeon Crawl Stone Soup version 0.30-a0-715-gdb4ae3ece1 (webtiles) character file.

Game seed: 3523987818902458649

88 wormed the Grasshopper (level 4, 0/30 HPs)
             Began as an Octopode Warper on Jan 23, 2023.
             Slain by Robin
             ... wielding a +0 spear
              (5 damage)
             ... on level 2 of the Dungeon.
             The game lasted 00:02:27 (1029 turns).

wormed the Grasshopper (Octopode Warper)            Turns: 1029, Time: 00:02:27

Health: 0/30       AC:  1    Str: 14    XL:     4   Next: 53%
Magic:  7/7        EV: 13    Int: 16    God:
Gold:   54         SH:  0    Dex: 10    Spells: 3/8 levels left

rFire   . . .      SeeInvis .      - Unarmed
rCold   . . .      Faith    .    (no shield)
rNeg    . . .      Spirit   .    (helmet restricted)
rPois   .          Reflect  .    (no amulet)
rElec   .          Harm     .    (no ring)
rCorr   .          Rampage  .    (no ring)
Will    .....                    (no ring)
Stlth   +++                      (no ring)
HPRegen 0.25/turn                (no ring)
MPRegen 0.10/turn                (no ring)
                                 (no ring)
                                 (no ring)

@: flying
A: almost no armour, amphibious, 8 rings, camouflage 1, gelatinous body 1,
(nimble swimmer 1), tentacles, strong 1
a: no special abilities


You were on level 2 of the Dungeon.
You visited 1 branch of the dungeon, and saw 2 of its levels.

You collected 54 gold pieces.

Inventory:

Potions
 d - a potion of flight


   Skills:
 + Level 2.6 Fighting
 - Level 1.0 Throwing
 + Level 2.9 Dodging
 + Level 2.0 Stealth
 + Level 2.7 Unarmed Combat
 + Level 2.6 Spellcasting
 - Level 3.0 Translocations
 + Level 0.5 Air Magic


You had 3 spell levels left.
You knew the following spells:

 Your Spells              Type           Power      Damage    Failure   Level
a - Blink                 Tloc           22%        N/A       9%          2
b - Vhi's Electric Charg  Tloc/Air       14%        N/A       28%         3

Your spell library contained the following spells:

 Spells                   Type           Power      Damage    Failure   Level
 Lesser Beckoning         Tloc           22%        N/A       9%          2
 Teleport Other           Tloc           11%        N/A       17%         3
 Manifold Assault         Tloc           11%        N/A       50%         4


Dungeon Overview and Level Annotations

Branches:
Dungeon (2/15)

Altars:
Ru

Annotations:
D:2 Robin


Innate Abilities, Weirdness & Mutations

You cannot wear most types of armour.
You are amphibious.
You can wear up to eight rings at the same time.
Your skin changes colour to match your surroundings (Stealth+).
Your rubbery body absorbs attacks. (AC +1, EV +1)
((You are camouflaged when in or above water. (Stealth+)))
You have tentacles for arms and can constrict up to eight enemies at once.
Your muscles are strong. (Str +4, Int/Dex -1)


Message History

You kill the goblin!
The endoplasm freezes you.
You are frozen.
* * * LOW HITPOINT WARNING * * *
You see here a +0 dagger.
You tentacle-slap the endoplasm.
The endoplasm is moderately wounded.
The endoplasm hits you.
* * * LOW HITPOINT WARNING * * *
Robin closely misses you.
You barely miss the endoplasm. You squeeze the endoplasm.
The endoplasm is severely wounded.
Robin completely misses you. The endoplasm freezes you.
You are frozen.
* * * LOW HITPOINT WARNING * * *
You tentacle-slap the endoplasm.
You kill the endoplasm!
Robin closely misses you.
Throw: 2 boomerangs (disperse)
Press: ? - help, Q - select action, (/) - cycle Shift-Dir - straight line, f - Robin
Aim: Robin, wielding a +0 spear, wearing a +1 animal skin and wearing a +0 helmet (fast, 64% to hit)
You throw a boomerang of dispersal. The boomerang of dispersal hits Robin.
Robin blinks!
Robin is lightly wounded.
Robin is no longer moving quickly.
Robin hits you from afar with a +0 spear.
* * * LOW HITPOINT WARNING * * *
Robin hits you but does no damage.
Throw: boomerang (disperse)
Press: ? - help, Q - select action, (/) - cycle Shift-Dir - straight line, f/p - Robin
Aim: Robin, wielding a +0 spear, wearing a +1 animal skin and wearing a +0 helmet (lightly wounded, 64% to hit)
You throw a boomerang of dispersal.
The boomerang of dispersal hits Robin but does no damage.
Robin is lightly wounded.
Robin misses you. Robin closely misses you.
Things that are here:
a +0 dagger; a goblin corpse Robin hits you with a +0 spear.
You die...

####### #.# #.....#
#######.# #.....#
.....##.# #.._..######.
.....##.# #.....÷......
#..##.# #.....#####
###..##.# #.....)...#
.....##.#######.##.###.#
##...†$)))).)...@g.# #.#
#.....#########)#### #.#
#.....##### #.# #.######
............ ..#
#......# #.....#####.
#### ######.##.# ......#
#.##.# ......# #.##.#
....#.# #.##.# ..h.#)#
#.##.#


You could see Robin.

Vanquished Creatures
  2 adders (D:2)
  A worm (D:2)
  A dart slug (D:1)
  2 ball pythons (D:1)
  3 endoplasms
  4 giant cockroaches
  10 goblins (D:2)
  3 hobgoblins
  16 jackals
  A quokka (D:1)
  3 bats (D:1)
  4 frilled lizards
  3 kobolds
  3 rats
56 creatures vanquished.

Notes
Turn   | Place    | Note
-------+----------+-------------------------------------------
     0 | D:1      | wormed the Octopode Warper began the quest for the Orb.
     0 | D:1      | Reached XP level 1. HP: 14/14 MP: 3/3
    96 | D:1      | Reached XP level 2. HP: 12/19 MP: 5/5
   162 | D:1      | Reached skill level 1 in Stealth
   307 | D:1      | Reached XP level 3. HP: 24/24 MP: 6/6
   404 | D:1      | HP: 1/25 [jackal (2)]
   645 | D:1      | Learned a level 2 spell: Blink
   649 | D:1      | Learned a level 3 spell: Vhi's Electric Charge
   788 | D:2      | Found a sacrificial altar of Ru.
   833 | D:2      | Reached XP level 4. HP: 15/30 MP: 7/7
   936 | D:2      | Noticed Robin
  1007 | D:2      | Gained mutation: Your muscles are strong. (Str +4, Int/Dex
                  | -1) [potion of mutation]
  1029 | D:2      | Slain by Robin

Illustrated notes

Levels and vault maps discovered:
D:1:      dpeg_arrival_erosion, layout_basic
D:2:      layout_loops_ring, basic_altar, shapermc_ecumenical_altar_pompeii,
          uniq_robin

Skill      XL: |  1  2  3 |
---------------+----------+-----
Stealth        | 1 2 |  2.0
Fighting       | |  2.6
Throwing       | |  1.0
Dodging        | |  2.9
Unarmed Combat | |  2.7
Spellcasting   | |  2.6
Translocations | |  3.0
Air Magic      | |  0.5

Action                     |  1- 3 |  4- 6 || total
---------------------------+-------+-------++-------
  Melee: Unarmed           |    94 |    33 ||   127
         Tentacles         |    21 |     4 ||    25
         Constrict         |    25 |    12 ||    37
         Punch             |       |     1 ||     1
  Throw: Boomerang         |     4 |     3 ||     7
    Use: Scroll            |     1 |       ||     1
         Potion            |       |     4 ||     4
   Stab: Sleeping          |     9 |       ||     9
 Armour: Skin              |     8 |     4 ||    12
  Dodge: Dodged            |    84 |    37 ||   121

Table legend: (Time is in decaauts)
 A = Elapsed time spent in this place.
 B = Non-inter-level travel time spent in this place.
 C = Inter-level travel time spent in this place.
 D = Time resting spent in this place.
 E = Time spent auto-exploring this place.
 F = Levels seen in this place.
 G = Mean time per level.
                   A        B        C        D        E       F      G
               +--------+--------+--------+--------+--------+-----+--------+
         Total |   1025 |   1005 |     20 |     95 |    613 |   2 |  512.5 |
       Dungeon |   1025 |   1005 |     20 |     95 |    613 |   2 |  512.5 |
               +--------+--------+--------+--------+--------+-----+--------+

Top non-repeatable levels by time:
     D:1: 648 daAuts
     D:2: 377 daAuts
